 Dungeon Crawl Stone Soup version 0.28.0-53-g5a82cb258f (webtiles) character file.

Game seed: 17576449939192402085

8175 issech the Spear-Bearer (level 11, -2/85 HPs)
             Began as a Minotaur Monk on June 12, 2022.
             Was a High Priest of Hepliaklqana.
             Shot with an arrow by a centaur warrior (18 damage)
             ... on level 9 of the Dungeon.
             The game lasted 00:31:59 (9658 turns).

issech the Spear-Bearer (Minotaur Monk)             Turns: 9658, Time: 00:32:00

Health: -2/85      AC: 26    Str: 15    XL:     11   Next: 6%
Magic:  10/10      EV: 22    Int:  7    God:    Hepliaklqana [*****.]
Gold:   118        SH:  6    Dex: 18    Spells: 10/10 levels left

rFire   . . .      SeeInvis .   H - +1 trident (vamp)
rCold   . . .      Faith    .   P - +0 buckler
rNeg    . . .      Spirit   .   V - +0 plate armour
rPois   +          Reflect  .   (helmet restricted)
rElec   .          Harm     .   Z - +0 cloak {Will+}
rCorr   .          Rampage  .   E - +1 pair of gloves
Will    +....                   z - +2 pair of boots "Heat" {Slay+2}
Stlth   ..........              x - amulet of the acrobat
HPRegen 0.24/turn               j - ring of poison resistance
MPRegen 0.12/turn               a - +4 ring of protection

@: acrobatic
A: reduced essence, horns 2, retaliatory headbutt
a: Renounce Religion, Recall Ancestor, Ancestor Identity, Transference, Idealise


You were on level 9 of the Dungeon.
You worshipped Hepliaklqana.
Hepliaklqana was extremely pleased with you.
You visited 2 branches of the dungeon, and saw 10 of its levels.

You collected 393 gold pieces.
You spent 275 gold pieces at shops.

Inventory:

Hand Weapons
 o - a +2 mace of draining
 A - a +0 bardiche
 G - a +2 dagger of freezing
 H - a +1 vampiric trident (weapon)
 I - a +0 hand crossbow
 J - a +0 war axe
 K - a +0 hunting sling
 L - the +4 dagger "Lifebane" {flame, Fragile rF+ rCorr}
   (You found it on level 6 of the Dungeon)

   It burns those it strikes, dealing additional fire damage.
   rF:        It protects you from fire.
   rCorr:     It protects you from acid and corrosion.
   Fragile:   It will be destroyed if unequipped.
 W - a +0 vorpal shortbow
 X - a +1 hand axe of venom
 Y - a +3 hand axe
Missiles
 c - 149 arrows
 f - 187 stones (quivered)
 u - 7 boomerangs
 v - a throwing net
 F - 20 poisoned darts
 N - 44 bolts
 Q - 55 sling bullets
Armour
 z - the +2 pair of boots "Heat" (worn) {Slay+2}
   (You bought it in a shop on level 6 of the Dungeon)

   Slay:      It affects your accuracy & damage with ranged weapons and melee
   (+2).
 E - a +1 pair of gloves (worn)
 P - a +0 buckler (worn)
 V - a +0 plate armour (worn)
 Z - a +0 cloak of willpower (worn)
Jewellery
 a - a +4 ring of protection (right hand)
 d - a ring of fire
 j - a ring of poison resistance (left hand)
 x - an amulet of the acrobat (around neck)
 y - a ring of flight
 B - an amulet of faith
Wands
 w - a wand of paralysis (12)
 O - a wand of iceblast (16)
Scrolls
 b - a scroll of teleportation
 e - a scroll of holy word
 p - a scroll of immolation {unknown}
 C - a scroll of fog
 M - 2 scrolls of vulnerability {unknown}
 S - a scroll of blinking
 T - a scroll of brand weapon
Potions
 g - 2 potions of heal wounds {unknown}
 h - 2 potions of invisibility {unknown}
 i - 2 potions of curing {unknown}
 k - a potion of degeneration {unknown}
 l - a potion of might {unknown}
 m - 2 potions of mutation {unknown}
 n - a potion of haste {unknown}
 q - 2 potions of cancellation {unknown}
 r - a potion of flight {unknown}
 t - 2 potions of lignification {unknown}
 D - 3 potions of magic {unknown}
 R - a potion of berserk rage {unknown}
 U - a potion of brilliance {unknown}
Miscellaneous
 s - a piece from Xom's chessboard (15/15)


   Skills:
 + Level 8.6 Fighting
 + Level 1.3(3.0) Short Blades
 + Level 4.5(4.7) Long Blades
 + Level 5.4(9.2) Axes
 + Level 11.5(12.0) Polearms
 + Level 0.8 Throwing
 + Level 10.7 Armour
 + Level 5.4 Dodging
 + Level 3.6 Stealth
 + Level 4.6 Shields


You had 10 spell levels left.
You didn't know any spells.
Your spell library contained the following spells:

 Spells                   Type           Power      Damage    Failure   Level
 Sublimation of Blood     Necr           0%         N/A       100%        2
 Dazzling Flash           Conj/Hex       0%         N/A       100%        3
 Gell's Gravitas          Tloc           0%         N/A       100%        3
 Teleport Other           Tloc           0%         N/A       100%        3
 Olgreb's Toxic Radiance  Pois           0%         N/A       100%        4
 Petrify                  Tmut/Erth      0%         N/A       100%        4
 Agony                    Necr           0%         N/A       100%        5
 Irradiate                Conj/Tmut      0%         3d14      100%        5
 Silence                  Hex/Air        0%         N/A       100%        5
 Dispersal                Tloc           0%         N/A       100%        6
 Ozocubu's Refrigeration  Ice            0%         4d5       100%        7
 Ignition                 Fire           0%         3d3       100%        8


Dungeon Overview and Level Annotations

Branches:
Dungeon (9/15)             Temple (1/1) D:5             Orc (0/2) D:9
   Lair: D:8-11

Altars:
Cheibriados
Elyvilon
Fedhas
Gozag
Hepliaklqana
Kikubaaqudgha
Makhleb
Nemelex Xobeh
Okawaru
Qazlal
Ru
Sif Muna
Vehumet
Wu Jian
Xom
Yredelemnul
Zin
The Shining One
Beogh

Shops:
D:5 (   D:6 [

Portals:
Abyss: D:3


Innate Abilities, Weirdness & Mutations

Your life essence is reduced to manifest your ancestor. (-10% HP)
You have a pair of horns on your head.
You reflexively headbutt those who attack you in melee.


Message History

The arrow barely misses you.
The centaur warrior wields a +0 shortbow.
The centaur warrior shoots an arrow.
You block the arrow.
The centaur warrior shoots an arrow.
The arrow completely misses you.
The centaur warrior shoots an arrow.
The arrow hits you but does no damage.
The centaur warrior shoots an arrow.
The arrow hits you.
Something hits Rana.
Something pecks Rana.
Something closely misses Rana.
The centaur warrior shoots an arrow.
The arrow hits Rana.
You see here a basilisk corpse.
The centaur warrior shoots an arrow.
The arrow hits Rana!!
The tengu conjurer gestures at you while chanting.
The bolt of lightning hits you!!
You hear a twanging sound.
You hear a twanging sound.
Rana has departed this plane of existence.
The tengu conjurer casts a spell.
A battlesphere comes into view.
The centaur warrior shoots an arrow.
The arrow misses you.
The tengu conjurer points at you and mumbles some strange words.
The bolt of lightning misses you.
The centaur warrior shoots an arrow.
The arrow hits you.
The centaur warrior shoots an arrow.
The arrow completely misses you.
Found 12 gold pieces.
The tengu conjurer points at you and mumbles some strange words.
The bolt of lightning hits you!!
The centaur warrior wields a +0 shortbow.
The centaur warrior shoots an arrow.
The arrow misses you.
The centaur warrior shoots an arrow.
The arrow hits you!
* * * LOW HITPOINT WARNING * * *
The centaur warrior shoots an arrow.
The arrow hits you.
* * * LOW HITPOINT WARNING * * *
The centaur warrior shoots an arrow.
The arrow closely misses you.
The centaur warrior shoots an arrow.
The arrow hits you but does no damage.
The centaur warrior shoots an arrow.
The arrow hits you but does no damage.
The centaur warrior shoots an arrow.
You block the arrow.
The centaur warrior shoots an arrow.
The arrow completely misses you.
There is an open door here.
The centaur warrior shoots an arrow.
The arrow closely misses you.
The centaur warrior shoots an arrow.
The arrow hits you!!
You die...

####.# ...........)..####....
....># ####.......#.####....
###### #...cc#.#'#..'..._ .#
#.....#.....##.... .#
#.....#.....##.... .#
#.Q...#.....###... ##
##*#..#.....#####'
.########.#..#.#'#.......
########........@.#..#.#.††####.#
...#.<....#.......####.###.# #.#
...'...<..+.......'......#.####'#
...#......#.......####.#.#.##....
...#......#.......##...#.#†##....
...#......#.......##.### #.##....
...+......+.......##.# #......#
...#......#.......##.# #..#####
####......#.......##.# #..#


You could see 2 centaur warriors, a tengu conjurer and a battlesphere.

Vanquished Creatures
  Harold (D:8)
  A centaur warrior (D:9)
  A two-headed ogre (D:9)
  An unseen horror (D:7)
  A shadow (D:7)
  6 yaks (D:9)
  A basilisk (D:9)
  2 ice beasts
  A black bear (D:8)
  2 orc warriors (D:9)
  2 necrophages (D:6)
  A small abomination (D:3)
  3 kobold brigands
  3 killer bees (D:9)
  2 wights (D:7)
  2 howler monkeys (D:9)
  A quasit (D:3)
  A centaur zombie (D:5)
  An orc priest (D:9)
  2 bullfrog skeletons (D:6)
  An iguana (D:6)
  2 orc wizards
  A gnoll (D:9)
  An adder (D:5)
  A shadow imp (D:6)
  2 dart slugs
  12 orcs
  8 ball pythons
  6 endoplasms
  A giant cockroach (D:1)
  6 goblins
  4 hobgoblins
  5 jackals (D:2)
  2 quokkas
  3 bats
  2 frilled lizards
  9 kobolds
  8 rats
109 creatures vanquished.

Vanquished Creatures (collateral kills)
  A two-headed ogre (D:8)
  2 hornets (D:7)
  A troll (D:9)
  A wyvern (D:8)
  2 yaks (D:9)
  Grum (D:8)
  The ghost of ZoeForever1 the Slasher, an amateur PaFi (D:3)
  2 water moccasins
  An ice beast (D:7)
  An orc warrior (D:7)
  2 wolves (D:8)
  2 ogres
  A centaur (D:7)
  A phantom (D:6)
  A scorpion (D:6)
  3 killer bees (D:9)
  A howler monkey (D:9)
  2 wights (D:7)
  2 centaur zombies
  A hound (D:5)
  3 orc priests
  Crazy Yiuf (D:7)
  2 iguanas
  3 orc wizards
  A howler monkey zombie (D:6)
  An adder (D:5)
  A shadow imp (D:3)
  An adder zombie (D:5)
  An adder skeleton (D:4)
  7 orcs
  An endoplasm (D:3)
  A giant cockroach (D:4)
  2 goblins (D:7)
  2 hobgoblins
  A ball python (D:4)
  4 kobolds
  A butterfly (D:8)
62 creatures vanquished.

Vanquished Creatures (others)
  2 battlemagi (D:9)
  2 plants (D:2)
4 creatures vanquished.

Grand Total: 175 creatures vanquished

Notes
Turn   | Place    | Note
-------+----------+-------------------------------------------
     0 | D:1      | issech the Minotaur Monk began the quest for the Orb.
     0 | D:1      | Reached XP level 1. HP: 19/19 MP: 0/0
   295 | D:1      | Reached XP level 2. HP: 24/27 MP: 1/1
   931 | D:2      | Reached XP level 3. HP: 26/33 MP: 2/2
  1005 | D:2      | Found a faded altar of an unknown god.
  1270 | D:2      | Found a blossoming altar of Fedhas.
  1299 | D:2      | You fall into a shaft and drop 2 floors!
  1391 | D:4      | Noticed an ogre
  2073 | D:3      | Noticed an ice beast
  2142 | D:3      | Noticed a small abomination
  2345 | D:3      | Killed an ice beast
  2346 | D:3      | Reached skill level 1 in Long Blades
  2346 | D:3      | Reached skill level 5 in Axes
  2346 | D:3      | Reached XP level 4. HP: 12/40 MP: 3/3
  2346 | D:3      | Reached XP level 5. HP: 14/46 MP: 4/4
  2498 | D:3      | Noticed ZoeForever1's ghost (amateur PaFi)
  2571 | D:3      | Found a one-way gate to the infinite horrors of the Abyss.
  2578 | D:3      | Found a transporter.
  2609 | D:3      | Found a transporter.
  2743 | D:3      | Found a hazy altar of Hepliaklqana.
  2748 | D:3      | Became a worshipper of Hepliaklqana the Forgotten
  2748 | D:3      | Reached * piety under Hepliaklqana
  2748 | D:3      | Reached ** piety under Hepliaklqana
  2749 | D:3      | Remembered your ancestor Rana as a battlemage
  3016 | D:4      | Killed an ogre
  3102 | D:4      | Reached XP level 6. HP: 46/46 MP: 5/5
  3681 | D:5      | Entered Level 5 of the Dungeon
  3922 | D:5      | Found a snail-covered altar of Cheibriados.
  3967 | D:5      | Found a staircase to the Ecumenical Temple.
  3977 | Temple   | Entered the Ecumenical Temple
  4262 | D:5      | Reached *** piety under Hepliaklqana
  4298 | D:5      | Reached skill level 1 in Polearms
  4340 | D:5      | Found a basalt altar of Yredelemnul.
  4412 | D:5      | Found Orobot's Weapon Shoppe.
  4977 | D:6      | Identified the +4 dagger "Lifebane" {flame, Fragile rF+
                  | rCorr}
  5005 | D:6      | Reached XP level 7. HP: 53/53 MP: 6/6
  5092 | D:6      | Reached skill level 2 in Polearms
  5136 | D:6      | Reached skill level 1 in Short Blades
  5151 | D:6      | Reached skill level 3 in Polearms
  5205 | D:6      | Reached skill level 5 in Armour
  5263 | D:6      | Reached skill level 4 in Polearms
  5263 | D:6      | Reached XP level 8. HP: 60/60 MP: 7/7
  5284 | D:6      | Found Kidghicw's Antique Armour Shoppe.
  5838 | D:7      | Reached **** piety under Hepliaklqana
  5845 | D:7      | Reached skill level 5 in Polearms
  5859 | D:7      | Found a stormy altar of Qazlal.
  5874 | D:7      | Killed an unseen horror
  5875 | D:7      | Reached skill level 5 in Fighting
  5875 | D:7      | Reached skill level 6 in Polearms
  6371 | D:7      | Reached skill level 5 in Dodging
  6417 | D:7      | Reached skill level 1 in Shields
  6436 | D:7      | Reached skill level 7 in Polearms
  6436 | D:7      | Reached XP level 9. HP: 41/60 MP: 8/8
  6612 | D:7      | Found an ornate altar of the Wu Jian Council.
  6660 | D:7      | Found a glowing silver altar of Zin.
  6680 | D:7      | Reached skill level 8 in Polearms
  6755 | D:7      | Found a shimmering blue altar of Sif Muna.
  7001 | D:7      | Found a runed translucent door.
  7002 | D:7      | Noticed Crazy Yiuf
  7011 | D:7      | Killed Crazy Yiuf
  7476 | D:8      | Noticed a two-headed ogre
  7482 | D:8      | Killed a two-headed ogre
  7511 | D:8      | Reached skill level 9 in Polearms
  7606 | D:8      | Reached ***** piety under Hepliaklqana
  7785 | D:8      | Noticed Grum
  7796 | D:8      | Killed Grum
  7797 | D:8      | Reached XP level 10. HP: 62/75 MP: 9/9
  7861 | D:8      | Found a shimmering altar of Xom.
  7882 | D:8      | Noticed Harold
  7902 | D:8      | Killed Harold
  8121 | D:6      | Bought a pair of bloodstained boots for 275 gold pieces
  8121 | D:6      | Identified the +2 pair of boots "Heat" {Slay+2} (You bought
                  | it in a shop on level 6 of the Dungeon)
  8264 | D:3      | Reached skill level 10 in Polearms
  8271 | D:3      | Killed ZoeForever1's ghost
  8685 | D:9      | Found a staircase to the Orcish Mines.
  9043 | D:9      | Found a radiant altar of Vehumet.
  9063 | D:9      | Noticed a two-headed ogre
  9074 | D:9      | Killed a two-headed ogre
  9075 | D:9      | Reached skill level 10 in Armour
  9103 | D:9      | Reached skill level 11 in Polearms
  9508 | D:9      | Noticed a centaur warrior
  9519 | D:9      | Killed a centaur warrior
  9520 | D:9      | Reached XP level 11. HP: 83/85 MP: 10/10
  9613 | D:9      | Noticed a centaur warrior
  9613 | D:9      | Noticed a centaur warrior
  9658 | D:9      | Shot with an arrow by a centaur warrior

Illustrated notes

Levels and vault maps discovered:
D:1:      elethiomel_arrival_quiet, layout_rooms, hangedman_decor_growths,
          minmay_tetromino_o4
D:2:      layout_loops_ring, dreamdust_ecumenical_altar_hidden_monk_grotto,
          basic_altar
D:3:      layout_rooms, worldfamousw_hep_ancestral_shrine,
          gammafunk_ghost_abyssal_escape
D:4:      layout_cave_pools
D:5:      layout_basic, mainiacjoe_overflow_paths,
          mainiacjoe_overflow_tiny_flanked, minmay_temple_entry_gardened_gates,
          serial_shops, shop
D:6:      layout_basic, serial_shops, nicolae_shop_hallway_plus
D:7:      layout_loops_ring, nicolae_qazlal_scattered_showers, zin_statuary,
          mainiacjoe_overflow_alcove_2, lemuel_crystal_altar, enter_bailey_3,
          uniq_crazy_yiuf_cottage
D:8:      layout_loops_ring, xom_butterflies, uniq_grum, uniq_harold
D:9:      layout_basic, nicolae_vehumet_altar_sigil, lair_entry_dummy,
          david_orc_5, minmay_fractal_squares_gapless_7
Temple:   compressed_dpeg_triangle_lava_temple

Skill      XL: |  1  2  3  4  5  6  7  8  9 10 |
---------------+-------------------------------+-----
Axes           | 4 5 |  5.4
Fighting       | 4 5 6 8 |  8.6
Stealth        | 2 3 |  3.6
Long Blades    | 1 2 4 |  4.5
Armour         | 2 3 4 5 7 9 10 | 10.7
Dodging        | 4 5 |  5.4
Polearms       | 1 4 7 9 11 | 11.5
Short Blades   | 1 |  1.3
Shields        | 1 2 4 |  4.6
Throwing       | |  0.8

Action                   |  1- 3 |  4- 6 |  7- 9 | 10-12 || total
-------------------------+-------+-------+-------+-------++-------
Melee: Hand axe          |    74 |       |       |       ||    74
       Headbutt          |    18 |     9 |    30 |    36 ||    93
       Long sword        |    28 |    17 |       |       ||    45
       Trident           |       |    19 |   148 |   156 ||   323
       Dagger            |       |    10 |       |       ||    10
       Punch             |       |     1 |       |       ||     1
Throw: Stone             |       |     4 |     2 |       ||     6
Invok: Ancestor Life: Ba |       |     1 |       |       ||     1
  Use: Scroll            |       |     3 |     2 |     2 ||     7
 Stab: Sleeping          |     2 |       |       |       ||     2
       Distracted        |       |     1 |     4 |     1 ||     6
Armor: Robe              |     6 |       |       |       ||     6
       Leather armour    |    19 |       |       |       ||    19
       Scale mail        |     6 |    12 |       |       ||    18
       Ring mail         |     5 |       |       |       ||     5
       Chain mail        |       |    14 |    48 |       ||    62
       Plate armour      |       |       |    16 |   110 ||   126
Dodge: Dodged            |    68 |    43 |    63 |    69 ||   243
Block: Buckler           |       |       |    25 |    54 ||    79
